 Dungeon Crawl Stone Soup version 0.30-b1-2-g02819fbbbe (webtiles) character file.

Game seed: 14559191131345523865

34251 Kahsius the Warrior (level 13, 0/133 HPs)
             Began as a Minotaur Fighter on Sept 29, 2023.
             Was a High Priest of Okawaru.
             Slain by an elephant (11 damage)
             ... on level 5 of the Lair of Beasts on Oct 1, 2023.
             The game lasted 01:26:26 (17437 turns).

Kahsius the Warrior (Minotaur Fighter)             Turns: 17437, Time: 01:26:26

Health: 0/133      AC: 19    Str: 27    XL:     13   Next: 41%
Magic:  15/15      EV:  7    Int:  8    God:    Okawaru [*****.]
Gold:   968        SH: 16    Dex: 12    Spells: 12/12 levels left

rFire   + + .        a - +0 war axe
rCold   + . .        D - +5 kite shield of Faoqear {Stlth+}
rNeg    . . .        M - +0 plate armour
rPois   .            (helmet restricted)
rElec   +            O - +0 cloak
rCorr   .            X - +0 pair of gloves
SInv    +            p - +0 pair of boots
Will    .....        (no amulet) Stlth
                     T - ring of Renekoix {rElec rF+ rC+ Str+3 Int+3}
HPRegen 0.42/turn    A - ring of protection from fire
MPRegen 0.14/turn

%: no passive effects
@: invisible
A: horns 2, retaliatory headbutt, see invisible, inability to drink after injury
1, devolution 1
a: Renounce Religion, Heroism, Finesse, Duel


You were on level 5 of the Lair of Beasts.
You worshipped Okawaru.
Okawaru was extremely pleased with you.
You visited 3 branches of the dungeon, and saw 18 of its levels.
You visited the Abyss 1 time.

You collected 968 gold pieces.

Inventory:

Hand Weapons
 a - a +0 war axe (weapon)
Armour
 p - a +0 pair of boots (worn)
 D - the +5 kite shield of Faoqear (worn) {Stlth+}
   (Okawaru gifted it to you on level 1 of the Lair of Beasts)

   Stlth:     It makes you more stealthy.
 M - a +0 plate armour (worn)
 O - a +0 cloak (worn)
 X - a +0 pair of gloves (worn)
Jewellery
 f - a ring of fire
 j - a ring of protection from cold
 y - a +6 ring of strength
 A - a ring of protection from fire (right hand)
 C - a +5 ring of evasion
 N - a +4 ring of protection
 T - the ring of Renekoix (left hand) {rElec rF+ rC+ Str+3 Int+3}
   (You took it off an orc wizard on level 9 of the Dungeon)

   [ring of protection from fire]

   Str:       It affects your strength (+3).
   Int:       It affects your intelligence (+3).
   rF:        It protects you from fire.
   rC:        It protects you from cold.
   rElec:     It insulates you from electricity.
 V - a +6 ring of dexterity
 W - a ring of flight
 Y - a ring of wizardry
 Z - an amulet of faith
Wands
 b - a wand of flame (5)
 m - a wand of quicksilver (6)
 L - a wand of polymorph (3)
 S - a wand of mindburst (6)
Scrolls
 c - 2 scrolls of identify
 h - 3 scrolls of fog
 i - 4 scrolls of teleportation
 k - 2 scrolls of magic mapping {unknown}
 q - a scroll of blinking {unknown}
 r - a scroll of summoning {unknown}
 t - a scroll of torment {unknown}
 u - 2 scrolls of poison {unknown}
 x - 2 scrolls of silence {unknown}
 z - a scroll of vulnerability {unknown}
 H - a scroll of enchant weapon {unknown}
 J - a scroll of enchant armour {unknown}
 K - a scroll of acquirement {unknown}
 P - 2 scrolls of immolation {unknown}
 Q - a scroll of noise {unknown}
 R - 3 scrolls of fear
 U - a scroll of brand weapon {unknown}
Potions
 d - 2 potions of might
 g - a potion of attraction {unknown}
 l - 3 potions of flight
 n - 2 potions of magic {unknown}
 o - 5 potions of ambrosia {unknown}
 s - 6 potions of lignification
 v - a potion of berserk rage {unknown}
 w - 2 potions of cancellation {unknown}
 F - a potion of resistance {unknown}
 G - a potion of haste
 I - a potion of brilliance {unknown}


   Skills:
 + Level 17.4 Fighting
 - Level 16.0 Axes
 * Level 10.2 Armour
 * Level 10.2 Shields
 + Level 5.2 Invocations


You had 12 spell levels left.
You didn't know any spells.
Your spell library contained the following spells:

 Spells                   Type           Power      Damage    Failure   Level
 Frozen Ramparts          Ice            0%         1d1       100%        3
 Stone Arrow              Conj/Erth      0%         3d7       100%        3
 Anguish                  Hex/Necr       0%         N/A       100%        4
 Cause Fear               Hex            0%         N/A       100%        4
 Ice Form                 Ice/Tmut       0%         N/A       100%        4
 Alistair's Intoxication  Tmut/Pois      0%         N/A       100%        5
 Borgnjor's Vile Clutch   Necr/Erth      0%         N/A       100%        5
 Eringya's Noxious Bog    Tmut/Pois      0%         N/A       100%        6
 Enfeeble                 Hex            0%         N/A       100%        7
 Lehudib's Crystal Spear  Conj/Erth      0%         10d2      100%        8
 Animate Armour           Summ/Erth      Unusable   N/A       N/A         4
 Summon Ice Beast         Ice/Summ       Unusable   N/A       N/A         4

Dungeon Overview and Level Annotations

Branches:
Dungeon (12/15)            Temple (1/1) D:7            Lair (5/5) D:8
  Swamp (0/4) Lair:3          Orc (0/2) D:11
  Snake: Lair:2-3    Spider: Lair:2-3     Slime: Lair:4-5

Altars:
Ashenzari
Cheibriados
Dithmenos
Elyvilon
Fedhas
Gozag
Hepliaklqana
Kikubaaqudgha
Makhleb
Nemelex Xobeh
Okawaru
Qazlal
Ru
Sif Muna
Trog
Uskayaw
Vehumet
Wu Jian
Xom
Yredelemnul
Zin
The Shining One
Jiyva

Annotations:
D:3 Sigmund
D:10 3 runed translucent doors, Manslay's ghost, journeyman OpCj
Temple 2 transporters
Lair:1 exclusion: oklob plant
Lair:3 2 transporters, exclusion: 2 oklob plants, Irhican's ghost, journeyman MiBe
Lair:5 1 exclusion


Innate Abilities, Weirdness & Mutations

You have a pair of horns on your head.
You reflexively headbutt those who attack you in melee.
You have supernaturally acute eyesight. (SInv)
You occasionally lose the ability to drink potions when taking damage.
You have hidden genetic defects.


Message History

Here: an elephant (blue smoke, moderately wounded)
The floor.
You fade into invisibility!
You block the elephant's attack. x2; The elephant closely misses you.
The elephant barely misses you.
There are monsters nearby!
Unknown command.
You block the elephant's attack.
The elephant trunk-slaps you but does no damage.
The elephant tramples you but does no damage.
The elephant trunk-slaps you but does no damage.
The elephant tramples you but does no damage.
The elephant trunk-slaps you but does no damage.
You block the elephant's attack. x2
You block the elephant's attack.
The elephant trunk-slaps you but does no damage.
The elephant tramples you.
* * * LOW HITPOINT WARNING * * *
You hold your ground!
You block the elephant's attack.
The elephant tramples you but does no damage.
The elephant trunk-slaps you but does no damage.
The elephant tramples you but does no damage.
The elephant barely misses you. You block the elephant's attack. x2
The elephant tramples you but does no damage.
The elephant trunk-slaps you but does no damage.
The elephant barely misses you. You furiously retaliate!
You headbutt the elephant. You block the elephant's attack.
The elephant barely misses you.
The elephant trunk-slaps you but does no damage.
The elephant tramples you but does no damage.
The elephant trunk-slaps you but does no damage.
You block the elephant's attack.
The elephant trunk-slaps you but does no damage.
The elephant barely misses you. You block the elephant's attack.
The elephant barely misses you. You furiously retaliate!
You headbutt the elephant! The elephant completely misses you.
The elephant tramples you but does no damage.
The elephant barely misses you. The elephant tramples you!
You die...

.......
~~~..# .
#≈~... .~
##≈~..##
.≈≈#≈#~...
.~≈≈§≈~§§###
.~~~§~§§YY.#
.....§§§Y@#
......§§Y##
..###....#
#.....
#.#...##
......##
.Y....#
Y......#


You could see 4 elephants.

Vanquished Creatures
  A profane servitor (Abyss:2)
  A boulder beetle (D:11)
  4 death yaks
  A sun demon (Lair:5)
  Sonja (D:11)
  2 skysharks
  4 large abominations (Abyss:2)
  A wizard (Lair:5)
  A manticore (D:9)
  6 elephants
  5 cane toads
  A gargoyle (D:10)
  An unseen horror (D:11)
  Psyche (D:10)
  3 komodo dragons
  A kobold demonologist (D:11)
  6 rime drakes
  An ice devil (Lair:5)
  A red devil (Lair:5)
  A polar bear (Lair:1)
  A troll (D:9)
  A hornet (D:8)
  12 blink frogs
  A dream sheep (Lair:5)
  A ynoxinul (Abyss:2)
  A wraith (D:9)
  3 wyverns (D:9)
  A vampire (Abyss:2)
  30 yaks
  A chaos spawn (Abyss:2)
  2 basilisks
  3 neqoxecs (Abyss:2)
  11 water moccasins
  4 hell hounds (Lair:5)
  A swamp drake (D:11)
  3 orc warriors
  3 black bears
  The ghost of diceflayer the Trooper, an amateur MiFi (D:7)
  5 ice beasts
  2 sky beasts (D:7)
  3 centaurs
  9 wolves (Lair:1)
  9 starcursed masses (Abyss:2)
  5 small abominations (Abyss:2)
  4 phantoms
  4 kobold brigands
  16 bullfrogs
  A gnoll sergeant (D:10)
  2 wyvern zombies (D:5)
  Blork the orc (D:4)
  A scorpion (D:4)
  3 wights (D:9)
  2 water moccasin zombies (D:5)
  8 killer bees
  4 bullfrog zombies (D:5)
  7 howler monkeys
  4 jellies
  A centaur zombie (D:5)
  A quasit (Abyss:2)
  3 hounds
  4 orc priests
  Jessica (D:2)
  Terence (D:2)
  5 iguanas
  5 orc wizards
  2 hound zombies (D:5)
  A killer bee simulacrum (D:7)
  A hound skeleton (D:5)
  2 howler monkey zombies (D:5)
  5 gnolls
  9 adders
  4 shadow imps
  4 white imps
  A howler monkey simulacrum (D:7)
  2 ufetubi
  2 adder zombies (D:5)
  7 worms
  3 dart slugs
  20 orcs
  7 endoplasms
  A giant cockroach (D:1)
  9 goblins
  7 hobgoblins
  4 jackals (D:1)
  2 quokkas
  13 ball pythons
  5 bats
  18 kobolds
  6 rats
369 creatures vanquished.

Vanquished Creatures (others)
  An orange demon (Lair:5)
  An ice devil (Lair:5)
  20 fungi
  74 plants
  3 withered plants (D:5)
99 creatures vanquished.

Grand Total: 468 creatures vanquished

Notes
Turn   | Place    | Note
-------+----------+-------------------------------------------
     0 | D:1      | Kahsius the Minotaur Fighter began the quest for the Orb.
     0 | D:1      | Reached XP level 1. HP: 19/19 MP: 0/0
    72 | D:1      | Reached skill level 4 in Fighting
   106 | D:1      | Reached XP level 2. HP: 17/27 MP: 1/1
   336 | D:1      | Reached XP level 3. HP: 32/34 MP: 2/2
  1482 | D:2      | Noticed Jessica
  1490 | D:2      | Killed Jessica
  1491 | D:2      | Reached XP level 4. HP: 37/41 MP: 3/3
  1710 | D:2      | Noticed Terence
  1722 | D:2      | Reached skill level 5 in Fighting
  1725 | D:2      | Killed Terence
  2466 | D:3      | Noticed Sigmund
  2563 | D:3      | Reached XP level 5. HP: 45/48 MP: 4/4
  2720 | D:3      | Found a faded altar of an unknown god.
  3088 | D:4      | Reached skill level 6 in Fighting
  3088 | D:4      | Reached skill level 5 in Axes
  3098 | D:4      | Noticed Blork the orc
  3104 | D:4      | Killed Blork the orc
  3105 | D:4      | Reached XP level 6. HP: 42/57 MP: 5/5
  3185 | D:4      | Identified the +0 robe of Beauty {Harm Fly rC+}
  3993 | D:5      | Entered Level 5 of the Dungeon
  4070 | D:5      | Reached skill level 7 in Fighting
  4120 | D:5      | Reached XP level 7. HP: 66/66 MP: 6/6
  4210 | D:5      | Reached skill level 8 in Fighting
  4423 | D:5      | Reached XP level 8. HP: 53/77 MP: 7/7
  4529 | D:5      | Reached skill level 9 in Fighting
  5457 | D:6      | Reached skill level 10 in Fighting
  6056 | D:6      | Reached skill level 10 in Axes
  6486 | D:7      | Reached XP level 9. HP: 76/86 MP: 8/8
  6829 | D:7      | Reached skill level 11 in Fighting
  6928 | D:7      | Found a runed translucent gate.
  6928 | D:7      | Found a runed translucent gate.
  6928 | D:7      | Found a runed translucent gate.
  7182 | D:7      | Noticed diceflayer's ghost (amateur MiFi)
  7188 | D:7      | Found a staircase to the Ecumenical Temple.
  7340 | D:7      | Found a burning altar of Makhleb.
  7340 | D:7      | Found a shimmering altar of Xom.
  7346 | D:7      | Found an ornate altar of the Wu Jian Council.
  7348 | D:7      | Found a faded altar of an unknown god.
  7350 | D:7      | Found a faded altar of an unknown god.
  7662 | Temple   | Entered the Ecumenical Temple
  7662 | Temple   | Found a transporter.
  7662 | Temple   | Found a transporter.
  7664 | Temple   | Found a transporter.
  7664 | Temple   | Found a transporter.
  7688 | Temple   | Became a worshipper of Warmaster Okawaru
  7979 | D:7      | Killed diceflayer's ghost
  7980 | D:7      | Reached skill level 12 in Fighting
  8121 | D:8      | Paralysed by a hornet for 2 turns
  8124 | D:8      | Reached * piety under Okawaru
  8459 | D:8      | Reached XP level 10. HP: 92/100 MP: 9/9
  8481 | D:8      | Found a staircase to the Lair.
  9191 | D:9      | You fall into a shaft and drop 3 floors!
  9246 | D:12     | Noticed a white ugly thing
  9404 | D:10     | Entered Level 10 of the Dungeon
  9411 | D:10     | Noticed a gargoyle
  9798 | D:9      | Reached skill level 13 in Fighting
  9832 | D:9      | Identified the ring of Renekoix {rElec rF+ rC+ Str+3 Int+3}
  9843 | D:9      | Reached ** piety under Okawaru
 10216 | D:9      | Noticed a manticore
 10231 | D:9      | Killed a manticore
 10373 | D:10     | Noticed Psyche
 10384 | D:10     | Killed Psyche
 10384 | D:10     | Reached *** piety under Okawaru
 10385 | D:10     | Reached skill level 14 in Fighting
 10770 | D:10     | Killed a gargoyle
 10859 | D:10     | Received a gift from Okawaru
 11102 | D:10     | Found a runed translucent gate.
 11102 | D:10     | Found a runed translucent gate.
 11103 | D:10     | Found a runed translucent gate.
 11103 | D:10     | Noticed a glowing orange brain
 11103 | D:10     | Noticed Manslay's ghost (journeyman OpCj)
 11146 | D:10     | Reached XP level 11. HP: 111/111 MP: 10/10
 11216 | D:10     | Reached **** piety under Okawaru
 11343 | D:10     | Found a viscous altar of Jiyva.
 11486 | D:11     | Noticed Sonja
 11505 | D:11     | Killed Sonja
 11550 | D:11     | Reached skill level 15 in Fighting
 11720 | D:11     | Found a staircase to the Orcish Mines.
 11805 | D:11     | Noticed a boulder beetle
 11846 | D:11     | Killed a boulder beetle
 11847 | D:11     | Reached skill level 15 in Axes
 12390 | D:11     | Noticed a sun demon
 12544 | Lair:1   | Entered Level 1 of the Lair of Beasts
 12577 | Lair:1   | Reached ***** piety under Okawaru
 13307 | Lair:1   | Reached skill level 16 in Fighting
 13775 | Lair:1   | Noticed an oklob plant
 13941 | Lair:2   | Noticed a death yak
 13953 | Lair:2   | Killed a death yak
 13953 | Lair:2   | Noticed a death yak
 13954 | Lair:2   | Reached skill level 1 in Invocations
 13957 | Lair:2   | Noticed a death yak
 14119 | Lair:1   | Killed a death yak
 14120 | Lair:1   | Reached skill level 5 in Armour
 14120 | Lair:1   | Reached skill level 5 in Shields
 14120 | Lair:1   | Reached XP level 12. HP: 77/124 MP: 10/12
 14252 | Lair:1   | Killed a death yak
 14252 | Lair:1   | Identified the +5 kite shield of Faoqear {Stlth+} (Okawaru
                  | gifted it to you on level 1 of the Lair of Beasts)
 14252 | Lair:1   | Received a gift from Okawaru
 14400 | Lair:2   | You fall into a shaft and drop 1 floor!
 14594 | Lair:3   | Found a transporter.
 14598 | Lair:3   | Noticed Irhican's ghost (journeyman MiBe)
 15751 | Lair:3   | Found a transporter.
 15815 | Lair:3   | Found a staircase to the Swamp.
 15815 | Lair:3   | Noticed a six-headed hydra
 16303 | Lair:4   | Noticed a seven-headed hydra
 16316 | Lair:5   | Entered Level 5 of the Lair of Beasts
 16322 | Lair:5   | Reached ****** piety under Okawaru
 16368 | Lair:5   | Reached skill level 17 in Fighting
 16382 | Lair:5   | Noticed a death yak
 16397 | Lair:5   | Killed a death yak
 16397 | Lair:5   | Received a gift from Okawaru
 16478 | Lair:5   | Reached XP level 13. HP: 132/132 MP: 15/15
 16510 | Abyss:2  | Cast into level 2 of the Abyss (a wizard)
 16517 | Abyss:2  | Found a corrupted altar of Lugonu.
 16562 | Abyss:2  | Noticed a profane servitor
 16636 | Abyss:2  | Killed a profane servitor
 16697 | Abyss:2  | Noticed a starcursed mass
 16816 | Abyss:2  | Noticed a starcursed mass
 16823 | Abyss:2  | Paralysed by accursed screaming for 1 turns
 16863 | Abyss:2  | Received a gift from Okawaru
 16941 | Abyss:2  | Gained mutation: You have hidden genetic defects. [a
                  | neqoxec]
 16973 | Abyss:2  | Noticed a starcursed mass
 17031 | Abyss:2  | Found a corrupted altar of Lugonu.
 17079 | Abyss:2  | Gained mutation: You have supernaturally acute eyesight.
                  | (SInv) [a neqoxec]
 17082 | Abyss:2  | Gained mutation: You occasionally lose the ability to drink
                  | potions when taking damage. [a neqoxec]
 17314 | Lair:5   | Escaped the Abyss
 17327 | Lair:5   | Reached skill level 5 in Invocations
 17368 | Lair:5   | Found a burning altar of Makhleb.
 17383 | Lair:5   | Reached skill level 10 in Shields
 17400 | Lair:5   | Reached skill level 10 in Armour
 17403 | Lair:5   | Received a gift from Okawaru
 17428 | Lair:5   | HP: 6/132 [elephant (14)]
 17430 | Lair:5   | HP: 2/133 [elephant (4)]
 17437 | Lair:5   | Slain by an elephant

Illustrated notes

Levels and vault maps discovered:
D:1:      minmay_arrival_three_doors, layout_basic, minmay_misc_feat_diagonals,
          nicolae_hexahallways, minmay_hexomino_u4
D:2:      layout_basic, eino_tiny_chamber, hangedman_decor_riveting,
          uniq_jessica, uniq_terence
D:3:      layout_basic, ebering_ecumenical_altar_rust, nicolae_wormholes,
          uniq_sigmund
D:4:      layout_basic, uniq_blork_the_orc
D:5:      layout_basic, serial_undead, serial_undead_e, serial_undead_e,
          serial_undead_c, serial_undead_c, serial_undead_d, serial_undead_d,
          serial_undead_f
D:6:      layout_loops_ring, minmay_puff
D:7:      layout_layer_cave, chequers_temple_overflow_minitemple,
          minmay_temple_entry_waves, gammafunk_ghost_icy, hex_tiny
D:8:      layout_cave_pools, lair_entry_dummy
D:9:      layout_loops_corners, palyth_stone_intersect, minmay_splitting_lines,
          dk_vineyard_3, evilmike_minifort
D:10:     layout_basic, gammafunk_ghost_ooze, uniq_psyche
D:11:     layout_long_grid, erik_orc_1, uniq_sonja
D:12:     layout_cave_pools
Temple:   hellmonk_temple_divided_pantheon
Lair:1:   minmay_lair_oklob_tunnel, layout_hall_layers, minivault_26
Lair:2:   layout_loops_ring, beast_lair_carwin_6, infiniplex_staircase_pool_2
Lair:3:   layout_small_grid, minmay_swamp_entry_reptiles,
          nicolae_spider_entry_tight_spaces, gammafunk_ghost_berserking_beasts,
          dpeg_oklob_1
Lair:4:   layout_gridlike, slime_entry_2, grunt_megastairs_3,
          infiniplex_staircase_pool
Lair:5:   evil_forest, layout_gridlike, gammafunk_ghost_abyssal_escape,
          chequers_serial_rivers_small_b, lemuel_fruit_fields

Skill      XL: |  1  2  3  4  5  6  7  8  9 10 11 12 13 |
---------------+----------------------------------------+-----
Fighting       | 4 5 6 7 8 10 12 14 16 17 | 17.4
Axes           | 3 4 5 6 8 10 12 14 16 | 16.0
Armour         | 5 8 10 | 10.2
Shields        | 5 8 10 | 10.2
Invocations    | 1 4 5 |  5.2

Action                     |  1- 3 |  4- 6 |  7- 9 | 10-12 | 13-15 || total
---------------------------+-------+-------+-------+-------+-------++-------
  Melee: War axe           |    61 |   134 |   255 |   688 |   253 ||  1391
         Headbutt          |     7 |    26 |    53 |   162 |    65 ||   313
 Invoke: Heroism           |       |       |       |     5 |     4 ||     9
         Finesse           |       |       |       |       |     1 ||     1
  Evoke: Wand              |       |       |       |     5 |     1 ||     6
    Use: Scroll            |       |     6 |     3 |     5 |     2 ||    16
         Potion            |       |       |     3 |     5 |    11 ||    19
   Stab: Invisible         |       |       |       |       |     5 ||     5
 Armour: Scale mail        |    23 |    45 |    79 |       |       ||   147
         Plate armour      |       |       |    27 |   223 |    93 ||   343
  Dodge: Dodged            |    25 |    46 |   157 |   223 |    56 ||   507
  Block: Buckler           |    13 |    22 |    55 |    69 |       ||   159
         Kite shield       |       |       |       |   159 |   152 ||   311
